 Dungeon Crawl Stone Soup version 0.23.2-1-ga50397a (webtiles) character file.

Game seed: 13673893245838564624

2359 diana the Covered (level 9, 0/68 HPs)
             Began as a Demonspawn Fighter on Apr 29, 2019.
             Was a Follower of Makhleb.
             Slain by a warg (8 damage)
             ... on level 9 of the Dungeon.
             The game lasted 00:12:15 (7662 turns).

diana the Covered (Demonspawn Fighter)              Turns: 7662, Time: 00:12:17

Health: 0/68       AC: 17    Str: 20    XL:     9   Next: 20%
Magic:  9/9        EV:  6    Int:  9    God:    Makhleb [*.....]
Gold:   210        SH: 11    Dex: 13    Spells: 8/8 levels left

rFire    . . .     SeeInvis .   a - +0 war axe
rCold    . . .     Gourm    .   c - +0 shield
rNeg     . . .     Faith    .   z - +0 chain mail
rPois    .         Spirit   .   (no helmet)
rElec    .         Reflect  +   (no cloak)
rCorr    .         Harm     .   (no gloves)
MR       .....                  J - +2 pair of boots
Stlth    ..........             e - +2 amulet of reflection
HPRegen  0.21/turn              (no ring)
MPRegen  0.11/turn              (no ring)

@: about to teleport
A: claws 1, molten scales 2, powered by pain 1
a: Renounce Religion


You were on level 9 of the Dungeon.
You worshipped Makhleb.
Makhleb was aware of your devotion.
You were hungry.

You visited 1 branch of the dungeon, and saw 9 of its levels.
You also visited: Sewer.

You collected 424 gold pieces.
You spent 214 gold pieces at shops.

Inventory:

Hand Weapons
 a - a +0 war axe (weapon)
Armour
 b - a +0 scale mail
 c - a +0 shield (worn)
 d - a +0 troll leather armour {Purgy}
 s - +0 gold dragon scales
 z - a +0 chain mail (worn)
 J - a +2 pair of boots (worn)
Jewellery
 e - a +2 amulet of reflection (around neck)
 y - an uncursed ring of ice
 B - an uncursed ring of flight
 K - an uncursed ring of stealth {unknown}
Wands
 q - a wand of flame (38)
 D - a wand of digging (5)
 G - a wand of iceblast (14)
Scrolls
 g - 3 scrolls of identify
 i - 3 scrolls of magic mapping
 k - 5 scrolls of teleportation
 m - a scroll of immolation {unknown}
 n - 6 scrolls of remove curse {unknown}
 o - 2 scrolls of enchant weapon {unknown}
 t - 3 scrolls of blinking {unknown}
 A - a scroll of fog {unknown}
 C - 2 scrolls of fear {unknown}
 F - a scroll of enchant armour {unknown}
Potions
 h - 4 potions of curing {unknown}
 j - a potion of resistance {unknown}
 l - 2 potions of cancellation
 p - a potion of mutation {unknown}
 r - 2 potions of degeneration {unknown}
 u - 4 potions of flight {unknown}
 v - 3 potions of might
 w - a potion of heal wounds {unknown}
 x - a potion of magic {unknown}
 E - a potion of brilliance {unknown}
 H - a potion of haste {unknown}
 I - a potion of ambrosia {unknown}
Comestibles
 f - 21 rations


   Skills:
 - Level 5.0 Fighting
 + Level 7.3 Axes
 + Level 7.6 Armour
 - Level 1.7 Dodging
 - Level 4.1 Shields


You had 8 spell levels left.
You didn't know any spells.
Your spell library contained the following spells:

 Spells                   Type           Power        Failure   Level  Hunger
 Beastly Appendage        Tmut           #.....       100%        1    ##.....
 Summon Small Mammal      Summ           #...         100%        1    ##.....
 Call Imp                 Summ           #.......     100%        2    ###....
 Sticks to Snakes         Tmut           #.......     100%        2    ###....
 Call Canine Familiar     Summ           #.......     100%        3    ####...
 Spider Form              Tmut/Pois      #.........   100%        3    ####...
 Summon Guardian Golem    Hex/Summ       #.......     100%        3    ####...
 Ice Form                 Ice/Tmut       #.......     100%        4    #####..
 Summon Ice Beast         Ice/Summ       #.......     100%        4    #####..
 Summon Lightning Spire   Summ/Air       #.......     100%        4    #####..
 Blade Hands              Tmut           #.........   100%        5    ######.


Dungeon Overview and Level Annotations

Branches:
Dungeon (9/15)             Temple (0/1) D:6            Lair (0/6) D:8
    Orc: D:9-12

Altars:
Makhleb
Yredelemnul

Shops:
D:5 *   D:8 [


Innate Abilities, Weirdness & Mutations

You have sharp fingernails.
You are mostly covered in molten scales. (AC +3)
You sometimes gain a little power by taking damage.


Message History

Found a stone staircase leading up.
There is a stone staircase leading up here.
You closely miss the warg. The warg barely misses you.
A leopard gecko comes into view.
Okay, then.
As you read the scroll of teleportation, it crumbles to dust.
You feel strangely unstable. You block the warg's attack.
The crimson imp hits you but does no damage.
A bullfrog comes into view.
The warg bites you but does no damage.
Unknown command.
You closely miss the warg. You hit the crimson imp.
You block the warg's attack.
The crimson imp blinks!
Unknown command.
You closely miss the killer bee. You slash the warg!
The killer bee barely misses you. You block the warg's attack.
The killer bee stings you.
* * * LOW HITPOINT WARNING * * *
The warg bites you!
You die...

.... ...
... .
..######..
#..%:.....
#.5.......
#....<....
#.@y..l...
#h......#.
#.......#
.....(....
#..........
#........#.
#...######
##..#


You could see a warg, a killer bee, a crimson imp and a leopard gecko.

Vanquished Creatures
  Sigmund (D:3)
  2 sky beasts (D:6)
  Purgy (Sewer)
  A black bear (D:7)
  An ice beast (D:8)
  5 ogres
  A phantom (D:6)
  2 centaurs
  A necrophage (D:8)
  A gnoll sergeant (D:5)
  A wyvern zombie (D:6)
  2 scorpions
  2 orc priests
  4 orc wizards
  3 hounds
  2 iguanas
  5 worker ants
  2 hound skeletons
  7 adders
  4 gnolls (D:5)
  An adder skeleton (D:5)
  A worm (D:3)
  2 dart slugs
  9 leopard geckos
  27 orcs
  4 giant cockroaches
  10 goblins
  6 hobgoblins
  6 jackals
  4 kobolds
  3 quokkas
  6 ball pythons
  6 bats
  11 frilled lizards
  A jackal skeleton (D:4)
  A leopard gecko skeleton (D:5)
  A quokka skeleton (D:7)
  25 rats
172 creatures vanquished.

Vanquished Creatures (others)
  A centaur (D:6)
1 creature vanquished.

Grand Total: 173 creatures vanquished

Notes
Turn   | Place    | Note
-------+----------+-------------------------------------------
     0 | D:1      | diana the Demonspawn Fighter began the quest for the Orb.
     0 | D:1      | Reached XP level 1. HP: 18/18 MP: 1/1
   174 | D:1      | Gained mutation: You are partially covered in molten
                  | scales. (AC +2) [demonic ancestry]
   174 | D:1      | Reached XP level 2. HP: 14/24 MP: 2/2
  1023 | D:2      | Gained mutation: You sometimes gain a little power by
                  | taking damage. [demonic ancestry]
  1023 | D:2      | Reached XP level 3. HP: 29/29 MP: 3/3
  1940 | D:3      | Reached XP level 4. HP: 12/36 MP: 4/4
  2296 | D:3      | Noticed Sigmund
  2757 | D:3      | Killed Sigmund
  2757 | D:3      | Reached skill level 1 in Dodging
  2757 | D:3      | Gained mutation: You are mostly covered in molten scales.
                  | (AC +3) [demonic ancestry]
  2757 | D:3      | Reached XP level 5. HP: 42/42 MP: 5/5
  2858 | D:3      | Reached XP level 6. HP: 38/48 MP: 6/6
  3501 | D:4      | Found a glowing drain.
  3522 | Sewer    | Entered a sewer
  3579 | Sewer    | Noticed Purgy
  3587 | Sewer    | Killed Purgy
  3953 | D:4      | Reached XP level 7. HP: 31/55 MP: 7/7
  4163 | D:4      | Reached skill level 5 in Fighting
  4287 | D:4      | Reached skill level 5 in Armour
  4688 | D:5      | Entered Level 5 of the Dungeon
  4767 | D:5      | Found a burning altar of Makhleb.
  4775 | D:5      | Gained mutation: You have sharp fingernails. [demonic
                  | ancestry]
  4775 | D:5      | Reached XP level 8. HP: 37/62 MP: 8/8
  4788 | D:5      | Became a worshipper of Makhleb the Destroyer
  4806 | D:5      | Reached skill level 5 in Axes
  5064 | D:5      | Found Haaj's Assorted Antiques.
  5705 | D:6      | Found a staircase to the Ecumenical Temple.
  6244 | D:6      | Reached * piety under Makhleb
  6774 | D:7      | Reached XP level 9. HP: 54/68 MP: 9/9
  7335 | D:8      | Found a basalt altar of Yredelemnul.
  7438 | D:8      | Found Loghux's Armour Emporium.
  7445 | D:8      | Bought a +2 pair of boots for 214 gold pieces
  7647 | D:8      | Found a staircase to the Lair.
  7662 | D:9      | Slain by a warg

Skill      XL: |  1  2  3  4  5  6  7  8  9 |
---------------+----------------------------+-----
Axes           | 2 3 4 6 7 |  7.3
Shields        | 3 4 |  4.1
Armour         | 3 4 5 7 |  7.6
Fighting       | 4 5 |  5.0
Dodging        | 1 |  1.7

Action                   |  1- 3 |  4- 6 |  7- 9 || total
-------------------------+-------+-------+-------++-------
Melee: War axe           |   135 |   216 |   299 ||   650
  Use: Potion            |       |     2 |       ||     2
       Scroll            |       |     4 |     4 ||     8
  Eat: Chunk             |     3 |     7 |    12 ||    22
Armor: Scale mail        |    80 |   117 |    13 ||   210
       Chain mail        |       |       |   135 ||   135
Dodge: Dodged            |    43 |    73 |    80 ||   196
Block: Shield            |    87 |   126 |   181 ||   394
       Reflection        |       |       |     5 ||     5
